 Dungeon Crawl Stone Soup version 0.22-a0-351-g29664b4 (webtiles) character file.

247 vishdafish the Poker (level 6, -3/44 HPs)
             Began as an Octopode Berserker on Apr 13, 2018.
             Was a Believer of Trog.
             Slain by an adder (5 damage)
             ... on level 3 of the Dungeon.
             The game lasted 00:01:33 (1417 turns).

vishdafish the Poker (Octopode Berserker)           Turns: 1417, Time: 00:01:35

Health: -3/44      AC:  1    Str: 16    XL:     6   Next: 11%
Magic:  6/6        EV: 14    Int: 12    God:    Trog [**....]
Gold:   130        SH:  0    Dex: 11    Spells: 5/5 levels left

rFire    . . .     SeeInvis .   a - +0 spear
rCold    . . .     Gourm    .   (no shield)
rNeg     . . .     Faith    .   (helmet restricted)
rPois    .         Spirit   .   (no amulet)
rElec    .         Reflect  .   (no ring)
rCorr    .         Harm     .   (no ring)
MR       .....                  (no ring)
Stlth    ++........             (no ring)
HPRegen  0.14/turn              (no ring)
MPRegen  0.10/turn              (no ring)
                                (no ring)
                                (no ring)

@: lethally poisoned (-3 -> -15), berserk cooldown, slowed, very slow
A: almost no armour, stealthy swim, amphibious, 8 rings, constrict 8, camouflage
1, gelatinous body 1
a: Berserk, Trog's Hand, Renounce Religion


You were on level 3 of the Dungeon.
You worshipped Trog.
Trog was pleased with you.
You were near starving.

You visited 1 branch of the dungeon, and saw 3 of its levels.

You collected 130 gold pieces.

Inventory:

Hand Weapons
 a - a +0 spear (weapon)
Jewellery
 l - an uncursed ring of fire
Scrolls
 c - 2 scrolls of blinking {unknown}
 d - 2 scrolls of remove curse {unknown}
 e - 3 scrolls of identify {unknown}
 j - a scroll of fog {unknown}
Potions
 f - a potion of heal wounds {unknown}
 g - 2 potions of lignification {unknown}
 h - a potion of berserk rage
 i - 2 potions of curing {unknown}
 k - a potion of might {unknown}
 m - a potion of haste {unknown}
Comestibles
 b - 2 rations
 n - a chunk of flesh


   Skills:
 + Level 4.4 Fighting
 + Level 4.5 Polearms
 + Level 4.4 Dodging
 - Level 1.0 Stealth


You had 5 spell levels left.
You didn't know any spells.

Dungeon Overview and Level Annotations

Branches:
Dungeon (3/15)

Altars:


Innate Abilities, Weirdness & Mutations

You cannot wear most types of armour.
You are very stealthy in the water. (Stealth+)
You are amphibious.
You can wear up to eight rings at the same time.
You can use your tentacles to constrict eight enemies at once.
Your skin changes colour to match your surroundings (Stealth+).
Your rubbery body absorbs attacks. (AC +1, EV +1)


Message History

You barely miss the adder. Your grab misses the adder.
The adder is heavily wounded.
The bat completely misses you. The adder bites you.
* * * LOW HITPOINT WARNING * * *
You are poisoned.
The adder poisons you! The adder barely misses you.
You hit the adder. Your grab misses the adder. Your squeeze misses the adder.
The adder is almost dead.
You feel sick. The bat barely misses you. The adder bites you.
* * * LOW HITPOINT WARNING * * *
You are lethally poisoned!
The adder poisons you!
It was a potion of berserk rage.
You're still recovering from your berserk rage.
* * * LOW HITPOINT WARNING * * *
You feel sick. The adder bites you.
* * * LOW HITPOINT WARNING * * *
You are more poisoned.
The adder poisons you! The bat misses you. The adder bites you.
You die...

.................
.......†[...!....
###...)##...####
.............#
###...###....#
#... #....# .
#... ####.#####
.# . .S.
#.S...##.#.. #.##
#####@b.......
#.............
##...........[.
#<............#
##†....÷.......
#.............
#.........###.
#....######
#....#


You could see an adder and a bat.

Vanquished Creatures
  Sigmund (D:3)
  5 adders
  A worm (D:3)
  A dart slug (D:2)
  2 leopard geckos
  4 bats
  A giant cockroach (D:1)
  2 goblins (D:1)
  7 hobgoblins
  5 jackals
  3 frilled lizards
  6 kobolds
  4 rats
42 creatures vanquished.

Vanquished Creatures (others)
  4 toadstools (D:1)
4 creatures vanquished.

Grand Total: 46 creatures vanquished

Notes
Turn   | Place    | Note
-------+----------+-------------------------------------------
     0 | D:1      | vishdafish the Octopode Berserker began the quest for the Orb.
     0 | D:1      | Reached XP level 1. HP: 16/16 MP: 1/1
   237 | D:1      | Reached XP level 2. HP: 21/21 MP: 2/2
   293 | D:1      | Reached skill level 1 in Stealth
   622 | D:1      | Reached ** piety under Trog
   622 | D:1      | Reached XP level 3. HP: 18/26 MP: 3/3
  1141 | D:2      | Reached XP level 4. HP: 22/32 MP: 4/4
  1386 | D:3      | Noticed Sigmund
  1397 | D:3      | Killed Sigmund
  1397 | D:3      | Reached XP level 5. HP: 17/38 MP: 5/5
  1397 | D:3      | Reached XP level 6. HP: 19/44 MP: 6/6
  1417 | D:3      | HP: 2/44 [adder (5)]
  1417 | D:3      | Slain by an adder

Vault maps used:
D:1:      ldierk_water_garden, minmay_distorted
D:3:      first_ration, uniq_sigmund

Skill      XL: |  1  2  3  4 |
---------------+-------------+-----
Stealth        | 1 |  1.0
Fighting       | 4 |  4.4
Polearms       | 4 |  4.5
Dodging        | 4 |  4.4

Action                   |  1- 3 |  4- 6 || total
-------------------------+-------+-------++-------
Melee: Spear             |    75 |    30 ||   105
       Constrict         |    15 |     4 ||    19
       Tentacles         |     8 |     1 ||     9
Invok: Berserk           |       |     1 ||     1
  Use: Potion            |       |     1 ||     1
 Stab: Sleeping          |     8 |     1 ||     9
  Eat: Chunk             |       |     1 ||     1
Armor: Skin              |     6 |       ||     6
Dodge: Dodged            |    37 |    28 ||    65

Table legend:
 A = Spawn XP
 B = Non-spawn XP
 C = Spawn XP percentage of total XP
 D = Spawn monster count
 E = Non-spawn monster count
 F = Spawn count percentage of total count
 G = Total turns spent on level
                    A         B        C        D         E        F      G
               +---------+---------+-------+---------+---------+-------+---------
         Total |       0 |     354 |   0.0 |       0 |      42 |   0.0 |  1417
               +---------+---------+-------+---------+---------+-------+---------
           D:1 |       0 |      34 |   0.0 |       0 |      21 |   0.0 |   733
           D:2 |       0 |      62 |   0.0 |       0 |      15 |   0.0 |   627
           D:3 |       0 |     258 |   0.0 |       0 |       6 |   0.0 |    57
               +---------+---------+-------+---------+---------+-------+---------
